Map: Oxide LE

Players

Reynor

  • Race: Zerg Zerg
  • Spawn Location: 7:00

Stats - Winner!

  • Race: Protoss Protoss
  • Spawn Location: 1:00

Event: IEM Katowice 2021

VOD

Have the link to the VOD?

Description

Time

  • Played on: Feb. 26, 2021, 8:53 a.m.
  • Length: 15:05

All games in this series

Show
View Real Time Build Order
Export as new Build Order

Reynor Zerg 

Build Orders: Hatch First 

Get SALT Encoding   

  12  0:00  Drone  
  13  0:12  Overlord  
  13  0:16  Drone  
  14  0:31  Drone x2  
  16  0:43  Drone  
  17  0:52  Hatchery  
  17  0:55  Drone  
  17  0:58  Drone  
  18  1:08  Extractor  
  17  1:12  Spawning Pool  
  17  1:16  Drone  
  17  1:20  Drone  
  18  1:29  Drone  
  19  1:39  Drone  
  20  1:49  Overlord  
  20  2:00  Queen  
  22  2:04  Zergling x2  
  22  2:05  Drone, Queen  
  26  2:11  Drone  
  26  2:15  Drone  
  28  2:20  Metabolic Boost  
  28  2:23  Zergling x2  
  28  2:26  Drone  
  30  2:35  Hatchery  
  29  2:40  Drone  
  29  2:43  Queen  
  32  2:49  Overlord  
  32  2:51  Drone  
  32  2:54  Drone  
  32  2:56  Drone  
  35  2:59  Zergling x2  
  36  3:09  Drone x3  
  36  3:10  Overlord, Drone  
  39  3:17  Queen  
  39  3:19  Drone  
  42  3:21  Drone  
  43  3:29  Drone  
  43  3:30  Overlord  
  44  3:43  Overlord  
  44  3:46  Queen  
  44  3:48  Zergling x2  
  47  3:49  Zergling x4, Queen  
  47  3:51  Drone  
  53  3:55  Drone, Spore Crawler  
  53  3:56  Drone  
  53  3:59  Drone  
  53  4:00  Drone  
  55  4:04  Spore Crawler  
  55  4:06  Drone x2  
  55  4:09  Overlord  
  56  4:13  Drone  
  56  4:18  Overlord  
  56  4:19  Drone x2  
  56  4:21  Drone  
  56  4:23  Drone  
  59  4:28  Queen  
  61  4:32  Zergling x6  
  61  4:34  Drone  
  61  4:36  Drone x2  
  61  4:37  Drone  
  67  4:43  Drone  
  69  4:45  Drone, Roach Warren  
  69  4:47  Overlord  
  69  4:49  Drone  
  69  4:50  Drone  
  70  4:55  Lair  
  70  4:59  Drone x4  
  74  5:03  Spore Crawler  
  73  5:09  Spine Crawler  
  73  5:10  Zergling x10  
  77  5:19  Evolution Chamber  
  75  5:21  Evolution Chamber  
  75  5:22  Evolution Chamber  
  75  5:26  Roach x4  
  75  5:27  Evolution Chamber  
  79  5:36  Zergling x10, Roach  
  79  5:40  Drone x2  
  79  5:41  Drone x2  
  85  5:53  Drone x2  
  87  5:57  Drone x2  
  87  6:02  Drone x2  
  87  6:03  Drone  
  81  6:06  Drone  
  81  6:09  Drone  
  80  6:11  Extractor  
  80  6:12  Extractor  
  80  6:13  Extractor x2  
  80  6:16  Drone  
  80  6:18  Drone  
  80  6:20  Drone x2  
  80  6:22  Extractor x2  
  78  6:28  Drone  
  78  6:30  Drone  
  78  6:31  Drone  
  81  6:40  Drone x2  
  81  6:43  Drone  
  81  6:44  Drone x3  
  81  6:45  Hatchery  
  86  6:47  Zerg Missile Weapons Level 1  
  86  6:49  Overlord  
  86  6:52  Overlord  
  86  6:57  Drone  
  86  6:59  Drone x3, Glial Reconstitution  
  90  7:04  Overlord  
  90  7:06  Overlord  
  90  7:08  Drone  
  90  7:10  Drone  
  90  7:11  Drone x2  
  90  7:13  Roach x3  
  90  7:15  Overlord  
  99  7:17  Roach  
  99  7:18  Spine Crawler  
  99  7:19  Ravager x2  
  99  7:20  Ravager x2  
  104  7:25  Roach x2  
  104  7:29  Overlord  
  108  7:37  Roach x3, Ravager x2  
  109  7:38  Roach x2  
  109  7:41  Roach x2  
  109  7:42  Zergling x2  
  124  7:46  Hatchery  
  124  7:47  Roach x3  
  124  7:51  Overlord  
  130  7:52  Roach x2  
  130  7:54  Drone  
  130  7:55  Drone x2  
  136  8:03  Overlord  
  136  8:04  Drone x2  
  138  8:10  Evolution Chamber  
  138  8:11  Overlord  
  138  8:12  Zergling x6  
  140  8:17  Roach x3  
  146  8:21  Overlord  
  146  8:22  Overlord  
  146  8:23  Ravager x2  
  148  8:28  Roach  
  148  8:29  Roach x4  
  148  8:33  Ravager x3  
  161  8:34  Zergling x2  
  161  8:36  Overlord  
  162  8:41  Zergling x6  
  162  8:43  Zergling x4  
  162  8:44  Zergling x6  
  168  8:51  Zerg Melee Weapons Level 1  
  168  8:52  Zerg Missile Weapons Level 2, Baneling Nest, Drone  
  168  8:54  Zergling x4  
  168  8:55  Zergling x4  
  172  8:59  Overlord  
  172  9:01  Zergling x2  
  173  9:04  Overlord  
  173  9:05  Zergling x2  
  173  9:06  Zergling x4  
  174  9:11  Zergling x4  
  174  9:12  Zergling x4  
  174  9:15  Zergling x2  
  177  9:20  Zergling x4  
  177  9:21  Drone  
  177  9:22  Drone x2  
  177  9:23  Drone  
  183  9:30  Drone x3  
  186  9:34  Centrifical Hooks, Ravager x4  
  186  9:36  Drone x4  
  186  9:37  Drone  
  186  9:38  Drone x2  
  197  9:40  Overlord  
  197  9:41  Drone x2  
  197  9:43  Extractor  
  197  9:44  Spore Crawler  
  197  9:45  Pneumatized Carapace  
  195  9:51  Ravager x2  
  197  9:55  Baneling x19  
  197  9:56  Hatchery  
  197  9:57  Zergling x6  
  199  10:11  Extractor  
  198  10:17  Baneling x16  
  198  10:20  Zergling x2  
  194  10:28  Zergling x6  
  194  10:29  Zergling x6  
  194  10:34  Zergling x20  
  191  10:46  Zergling x20  
  191  10:49  Roach x3  
  192  10:51  Queen  
  193  11:04  Baneling x30  
  193  11:05  Zergling x12  
  193  11:09  Hatchery  
  198  11:11  Overseer  
  198  11:17  Zergling x8  
  194  11:27  Zergling x12  
  194  11:29  Zerg Melee Weapons Level 2  
  186  11:48  Zergling x2  
  186  11:49  Zergling x30  
  184  11:58  Zergling x6, Roach x2  
  184  12:00  Zergling x6  
  174  12:04  Zergling x4  
  176  12:11  Ravager x4  
  176  12:12  Roach x3  
  176  12:13  Zergling x2  
  176  12:15  Zergling x4, Roach  
  191  12:17  Zergling x2  
  191  12:21  Baneling x17  
  191  12:22  Baneling  
  188  12:24  Zergling x4, Roach  
  188  12:27  Drone x3  
  193  12:31  Baneling x10  
  193  12:32  Baneling x9  
  193  12:33  Zergling x6, Baneling x3  
  193  12:34  Zergling x2  
  194  12:39  Zergling x4  
  191  12:45  Drone x3  
  191  12:46  Infestation Pit  
  191  12:48  Drone x2  
  191  12:49  Drone x2  
  190  12:52  Drone x2  
  190  12:54  Drone x2  
  190  12:56  Zergling x6  
  194  13:02  Spine Crawler  
  194  13:05  Spore Crawler  
  192  13:09  Zergling x14  
  192  13:11  Baneling x16  
  197  13:17  Zergling x14, Roach  
  198  13:20  Roach  
  195  13:31  Roach x7  
  189  13:36  Baneling x3  
  189  13:37  Baneling x19  
  189  13:40  Roach x2  
  185  13:46  Zergling x2, Roach  
  187  13:57  Zergling x12  
  187  14:01  Ravager x6  
  199  14:09  Overlord  
  199  14:10  Hatchery  
  186  14:19  Zergling x8  
  186  14:20  Zergling x16  
  186  14:21  Overlord  
  189  14:24  Baneling x6  
  189  14:25  Baneling x3  
  189  14:29  Zergling x6  
  192  14:32  Ravager x3  
  192  14:34  Zergling x6  
  192  14:38  Overlord  
  198  14:41  Overlord  
  198  14:42  Zergling x2  
  198  14:43  Ravager  
  198  14:44  Ravager x2  
Show
View Real Time Build Order
Export as new Build Order

Stats Protoss - Winner!

Build Orders: 1 Gate Expand, Carriers, Mass Adepts 

Get SALT Encoding   

  12  0:00  Probe  
  13  0:12  Probe  
  14  0:19  Pylon  
  14  0:24  Probe  
  15  0:37  Probe (Chrono Boost)  
  15  0:39  Gateway  
  16  0:46  Probe (Chrono Boost)  
  16  0:49  Assimilator  
  17  0:51  Probe (Chrono Boost)  
  18  1:03  Probe  
  19  1:15  Probe  
  20  1:27  Nexus  
  20  1:35  Cybernetics Core  
  20  1:38  Probe  
  21  1:44  Assimilator  
  21  1:50  Probe  
  22  1:56  Pylon  
  22  2:01  Probe  
  23  2:10  Probe  
  23  2:12  Adept (Chrono Boost)  
  26  2:17  Stargate  
  26  2:18  Probe  
  27  2:27  Warp Gate  
  27  2:31  Probe (Chrono Boost)  
  27  2:35  Adept  
  30  2:40  Probe (Chrono Boost)  
  31  2:49  Probe (Chrono Boost)  
  31  2:50  Probe (Chrono Boost)  
  33  2:53  Void Ray (Chrono Boost)  
  33  2:54  Probe (Chrono Boost)  
  33  2:57  Probe  
  39  3:06  Probe  
  39  3:09  Probe  
  41  3:15  Pylon  
  41  3:18  Adept  
  41  3:19  Gateway  
  43  3:21  Probe  
  43  3:23  Probe  
  45  3:33  Probe  
  46  3:35  Probe, Twilight Council  
  47  3:45  Probe  
  47  3:47  Probe  
  49  3:53  Nexus  
  49  3:55  Pylon  
  51  4:04  Gateway  
  51  4:06  Gateway  
  51  4:08  Resonating Glaives (Chrono Boost)  
  49  4:15  Adept x2  
  49  4:19  Probe x2  
  51  4:25  Assimilator  
  51  4:27  Assimilator  
  51  4:31  Probe x2  
  53  4:36  Adept x2  
  57  4:39  Pylon  
  57  4:40  Pylon  
  57  4:43  Probe x2  
  59  4:55  Probe x2  
  59  4:59  Adept x3  
  67  5:00  Adept  
  70  5:07  Probe x2 (Chrono Boost)  
  70  5:09  Forge  
  70  5:11  Probe (Chrono Boost)  
  72  5:18  Probe x2 (Chrono Boost)  
  75  5:21  Adept x2  
  75  5:22  Probe (Chrono Boost)  
  75  5:28  Sentry x2  
  81  5:32  Blink  
  83  5:36  Protoss Ground Weapons Level 1 (Chrono Boost)  
  83  5:39  Probe x2  
  83  5:40  Probe  
  83  5:41  Shield Battery  
  86  5:51  Sentry x3  
  86  5:54  Gateway  
  86  5:56  Gateway  
  90  5:58  Gateway  
  90  6:02  Sentry  
  90  6:03  Probe x2  
  90  6:04  Probe  
  83  6:15  Shield Battery  
  83  6:18  Shield Battery, Robotics Facility  
  79  6:23  Stalker x3  
  85  6:28  Gateway  
  85  6:29  Pylon, Probe x3  
  85  6:31  Assimilator  
  88  6:34  Photon Cannon  
  88  6:35  Assimilator  
  88  6:39  Photon Cannon  
  88  6:46  Stalker  
  90  6:47  Probe x3  
  90  6:52  Pylon x2, Stalker  
  90  6:53  Stalker  
  97  7:01  Warp Prism (Chrono Boost)  
  97  7:02  Stalker x2  
  101  7:10  Probe  
  101  7:12  Phoenix  
  101  7:14  Stalker x3  
  110  7:19  Stalker x2  
  114  7:23  Pylon  
  114  7:24  Pylon, Protoss Ground Weapons Level 2 (Chrono Boost)  
  114  7:27  Pylon  
  114  7:34  Charge  
  115  7:37  Observer (Chrono Boost)  
  115  7:56  Stalker x5  
  115  7:57  Stalker x3  
  131  8:06  Photon Cannon  
  131  8:08  Photon Cannon  
  131  8:11  Pylon  
  131  8:13  Pylon  
  131  8:14  Pylon  
  131  8:24  Nexus  
  131  8:26  Pylon  
  131  8:31  Stalker x5  
  141  8:35  Stalker  
  141  8:38  Templar Archives  
  143  8:52  Immortal (Chrono Boost), Stalker x2  
  143  8:54  Psionic Storm  
  151  9:14  Zealot x4  
  151  9:16  High Templar x3  
  165  9:24  Shield Battery  
  165  9:25  Shield Battery  
  165  9:28  Photon Cannon  
  165  9:30  Photon Cannon  
  163  9:32  High Templar  
  163  9:34  Immortal (Chrono Boost)  
  169  9:48  Probe x4  
  169  9:50  Zealot x4  
  169  9:51  Assimilator  
  169  9:52  Protoss Ground Weapons Level 3  
  181  9:53  Assimilator  
  181  9:58  Zealot, Photon Cannon  
  183  10:00  Pylon  
  183  10:02  Pylon  
  183  10:13  Immortal  
  171  10:40  Zealot x8  
  145  10:51  Immortal (Chrono Boost)  
  143  10:58  Probe x4  
  143  11:00  High Templar x3  
  143  11:01  High Templar  
  143  11:03  Zealot x4  
  161  11:07  Fleet Beacon  
  161  11:08  Stargate  
  161  11:12  Stargate  
  159  11:30  Observer (Chrono Boost)  
  159  11:37  Zealot x2  
  159  11:39  Zealot x2  
  163  11:40  Stalker x4  
  163  11:42  Photon Cannon  
  146  11:56  Archon  
  146  11:57  Archon  
  146  12:00  Zealot x6  
  158  12:05  Probe x2  
  158  12:06  Probe x2  
  158  12:08  Pylon  
  162  12:12  High Templar x2  
  166  12:20  High Templar  
  166  12:21  High Templar x3  
  166  12:22  Zealot x2  
  182  12:28  Carrier x2 (Chrono Boost)  
  190  12:35  Carrier (Chrono Boost)  
  174  12:56  Zealot x8  
  188  13:06  Protoss Air Weapons Level 1  
  180  13:22  Zealot x7  
  180  13:23  Zealot  
  184  13:32  Carrier x2 (Chrono Boost)  
  162  13:39  Carrier (Chrono Boost)  
  166  13:50  High Templar x4  
  168  13:58  Archon x2, Nexus  
  168  14:00  Pylon  
  158  14:28  Zealot x5  
  158  14:29  Zealot x3  
  166  15:01  Archon  
  166  15:02  Zealot x8  

Tags
 
Add a new tag
Caveats
  • Supply blocks, unpowered buildings, or Contaminate may cause inaccurate times.
  • Supply counts are checked every 10 seconds.